 Dungeon Crawl Stone Soup version 0.26-a0-712-ga5a9c9c9d0 (webtiles) character file.

Game seed: 5458917224102237911

182 timneilson the Shield-Bearer (level 5, 0/46 HPs)
             Began as a Minotaur Fighter on Nov 1, 2020.
             Was an Initiate of Okawaru.
             Slain by a wight
             ... wielding a +1 great sword of freezing
              (7 damage)
             ... on level 3 of the Dungeon.
             The game lasted 00:05:29 (2427 turns).

timneilson the Shield-Bearer (Minotaur Fighter)     Turns: 2427, Time: 00:05:30

Health: 0/46       AC:  8    Str: 22    XL:     5   Next: 35%
Magic:  4/4        EV:  7    Int:  5    God:    Okawaru [......]
Gold:   294        SH:  9    Dex:  9    Spells: 4/4 levels left

rFire    . . .     SeeInvis .   a - +0 long sword
rCold    . . .     Faith    .   c - +0 kite shield
rNeg     . . .     Spirit   .   b - +0 scale mail
rPois    .         Reflect  .   (helmet restricted)
rElec    .         Harm     .   (no cloak)
rCorr    .         Rampage  .   m - +0 pair of gloves
MR       .....                  (no boots)
Stlth    ..........             (no amulet)
HPRegen  0.15/turn              (no ring)
MPRegen  0.09/turn              (no ring)

@: mighty, drained
A: retaliatory headbutt, horns 2
a: Renounce Religion


You were on level 3 of the Dungeon.
You worshipped Okawaru.
Okawaru was noncommittal.
You visited 2 branches of the dungeon, and saw 5 of its levels.

You collected 294 gold pieces.

Inventory:

Hand Weapons
 a - a +0 long sword (weapon)
Armour
 b - a +0 scale mail (worn)
 c - a +0 kite shield (worn)
 h - a +0 chain mail
 m - a +0 pair of gloves (worn)
Wands
 l - a wand of random effects (21)
Scrolls
 i - a scroll of remove curse
 o - a scroll of teleportation
Potions
 d - 3 potions of might
 f - 2 potions of mutation
 g - 2 potions of ambrosia
 j - 2 potions of lignification {unknown}
 n - 2 potions of curing {unknown}


   Skills:
 + Level 4.2(3.1) Fighting
 * Level 4.2(3.1) Long Blades
 * Level 4.9(3.8) Armour
 * Level 5.1(3.9) Shields


You had 4 spell levels left.
You didn't know any spells.
Your spell library was empty.

Dungeon Overview and Level Annotations

Branches:
Dungeon (4/15)             Temple (1/1) D:4

Altars:
Ashenzari
Dithmenos
Makhleb
Okawaru
Qazlal
Ru
Trog
Uskayaw
Xom
Zin
The Shining One


Innate Abilities, Weirdness & Mutations

You reflexively headbutt those who attack you in melee.
You have a pair of horns on your head.


Message History

You headbutt the wight!
You riposte.
You barely miss the wight.
The wight is almost destroyed.
The adder barely misses you. You furiously retaliate!
You headbutt the adder! You block the wight's attack.
You hit the wight. You headbutt the wight.
The wight is almost destroyed.
The adder bites you but does no damage.
The wight hits you with a +1 mace of freezing.
The wight freezes you.
The wight hits you with a +1 great sword of freezing.
* * * LOW HITPOINT WARNING * * *
The wight freezes you.
* * * LOW HITPOINT WARNING * * *
You block the adder's attack.
You closely miss the wight. Your headbutt misses the wight.
The wight is almost destroyed.
You block the wight's attack. The adder bites you.
* * * LOW HITPOINT WARNING * * *
The wight hits you with a +1 great sword of freezing!
You die...

#.........##...# #.#
#...########...# #.#
#...# #...# #.#
######...# #...###.#
#....'...# #........
####.#...# ##.......
#.#...#########.......
#.###.S...............
#.# #@z...............
#.# #z##########......
#.# #.# #...... #.#
#.# #...... #.# #.#
#...... #.# #.#
#..(...
#.###'################
###.##..........#
#...............#


You could see 2 wights and an adder.

Vanquished Creatures
  A wight (D:3)
  Ijyb (D:3)
  3 adders
  2 worms
  4 leopard geckos
  5 orcs (D:3)
  8 bats
  4 giant cockroaches
  8 goblins
  6 hobgoblins
  6 jackals
  8 kobolds
  A ball python (D:1)
  3 frilled lizards
  16 rats
76 creatures vanquished.

Notes
Turn   | Place    | Note
-------+----------+-------------------------------------------
     0 | D:1      | timneilson the Minotaur Fighter began the quest for the
                  | Orb.
     0 | D:1      | Reached XP level 1. HP: 19/19 MP: 0/0
   177 | D:1      | Reached XP level 2. HP: 27/27 MP: 1/1
   326 | D:1      | Reached skill level 4 in Shields
   675 | D:2      | Reached XP level 3. HP: 33/33 MP: 2/2
   886 | D:2      | Noticed a +0 dagger
   886 | D:2      | Noticed a +0 hand axe
   887 | D:2      | Found a hide-covered altar of Uskayaw.
  1553 | D:3      | Noticed Ijyb
  1564 | D:3      | Killed Ijyb
  1564 | D:3      | Reached XP level 4. HP: 39/40 MP: 3/3
  2241 | D:4      | Reached XP level 5. HP: 46/46 MP: 4/4
  2243 | D:4      | Found a staircase to the Ecumenical Temple.
  2249 | Temple   | Entered the Ecumenical Temple
  2279 | Temple   | Became a worshipper of Warmaster Okawaru
  2357 | D:3      | Reached skill level 5 in Shields
  2427 | D:3      | Slain by a wight

Illustrated notes

Levels and vault maps discovered:
D:1:      dpeg_arrival_windows_large_door, layout_rooms
D:2:      layout_basic, dancing_weapons_uskayaw, serial_bayou_pond_b
D:3:      layout_basic, uniq_ijyb
D:4:      layout_rooms, minmay_temple_entry_grid, chequers_serial_rivers_room_a,
          minmay_fractal_squares_gapless_5, uniq_grinder
Temple:   cyrus_temple_forest

Skill      XL: |  1  2  3  4  5 |
---------------+----------------+-----
Shields        | 4 5 |  5.1
Armour         | 4 |  4.9
Long Blades    | 3 4 |  4.2
Fighting       | 4 |  4.2

Action                   |  1- 3 |  4- 6 || total
-------------------------+-------+-------++-------
Melee: Long sword        |   131 |    73 ||   204
       Headbutt          |    13 |    12 ||    25
  Use: Scroll            |     5 |     2 ||     7
       Potion            |       |     1 ||     1
Armor: Scale mail        |    74 |    42 ||   116
Dodge: Dodged            |    41 |    32 ||    73
Block: Kite shield       |    93 |    44 ||   137
       Rpst.: Long sword |     9 |    11 ||    20

Table legend: (Time is in decaauts)
 A = Elapsed time spent in this place.
 B = Non-inter-level travel time spent in this place.
 C = Inter-level travel time spent in this place.
 D = Time resting spent in this place.
 E = Time spent auto-exploring this place.
 F = Levels seen in this place.
 G = Mean time per level.
                   A        B        C        D        E       F      G
               +--------+--------+--------+--------+--------+-----+--------+
         Total |   2492 |   2394 |     98 |     58 |   1788 |   5 |  498.4 |
       Dungeon |   2407 |   2333 |     74 |     58 |   1735 |   4 |  601.8 |
        Temple |     85 |     61 |     24 |      0 |     53 |   1 |   85.0 |
               +--------+--------+--------+--------+--------+-----+--------+

Top non-repeatable levels by time:
     D:3: 913 daAuts
     D:2: 847 daAuts
     D:1: 604 daAuts
  Temple: 85 daAuts
     D:4: 42 daAuts
